 Dungeon Crawl Stone Soup version 0.26-a0-665-gefeb406119 (webtiles) character file.

Game seed: 7193249660255869518

63 Decritt the Grave Robber (level 3, -3/26 HPs)
             Began as a Demonspawn Necromancer on Oct 14, 2020.
             Slain by a gnoll
             ... wielding a +0 spear
              (6 damage)
             ... on level 2 of the Dungeon.
             The game lasted 00:04:42 (1493 turns).

Decritt the Grave Robber (Demonspawn Necromancer)   Turns: 1493, Time: 00:04:42

Health: -3/26      AC:  2    Str:  8    XL:     3   Next: 89%
Magic:  0/6        EV: 12    Int: 17    God:
Gold:   24         SH:  0    Dex: 13    Spells: 1/6 levels left

rFire    . . .     SeeInvis .   c - +0 short sword
rCold    . . .     Faith    .   (no shield)
rNeg     . . .     Spirit   .   a - +0 robe
rPois    +         Reflect  .   (no helmet)
rElec    .         Harm     .   (no cloak)
rCorr    .         Rampage  .   (no gloves)
MR       .....                  (no boots)
Stlth    ++........             (no amulet)
HPRegen  0.08/turn              f - ring of poison resistance
MPRegen  0.10/turn              (no ring)

@: no status effects
A: rot immunity
a: no special abilities


You were on level 2 of the Dungeon.
You visited 1 branch of the dungeon, and saw 2 of its levels.

You collected 24 gold pieces.

Inventory:

Hand Weapons
 c - a +0 short sword (weapon)
Armour
 a - a +0 robe (worn)
Jewellery
 f - a ring of poison resistance (left hand)
Scrolls
 b - a scroll of amnesia {unknown}
 d - 3 scrolls of random uselessness {unknown}
 g - a scroll of noise {unknown}
 h - a scroll of remove curse {unknown}
Potions
 e - a potion of haste {unknown}


   Skills:
 + Level 1.3 Fighting
 + Level 2.2 Dodging
 - Level 1.7 Stealth
 + Level 2.4 Spellcasting
 * Level 5.1 Necromancy


You had one spell level left.
You knew the following spells:

 Your Spells              Type           Power        Failure   Level
a - Pain                  Necr           ###.         2%          1
b - Animate Skeleton      Necr           ###...       2%          1
c - Vampiric Draining     Necr           ###.......   7%          3

Your spell library contained the following spells:

 Spells                   Type           Power        Failure   Level
 Animate Dead             Necr           ###.......   22%         4
 Agony                    Necr           ###.....     52%         5


Dungeon Overview and Level Annotations

Branches:
Dungeon (2/15)

Altars:


Innate Abilities, Weirdness & Mutations

You are immune to rotting.


Message History

Casting: Pain (safe; 2% risk of failure)
Confirm with . or Enter, or press ? or * to list all spells.
Okay, then.
You hit the gnoll.
You kill the gnoll!
Casting: Pain (safe; 2% risk of failure)
Confirm with . or Enter, or press ? or * to list all spells.
The spell is quite dangerous to cast (7% risk of failure)!
Continue anyway?
Aiming: Vampiric Draining (quite dangerous; 7% risk of failure)
Press: ? - help, Shift-Dir - straight line, f - gnoll
Aim: a gnoll, wielding a +0 flail The gnoll is heavily wounded.
You feel life coursing into your body. The gnoll barely misses you.
You hit the gnoll.
The gnoll is heavily wounded.
The gnoll hits you but does no damage. The gnoll hits you with a +0 flail!
Ouch! That really hurt!
* * * LOW HITPOINT WARNING * * *
The gnoll hits you from afar with a +0 spear.
You die...

## #.# #$....... #..
#......[. #.##
#........ #..#####
#....?... ##..@g.##
#........ #####g.#
#....... ##.#
##....... #. #.#
#...$....
#..##.#####........
#....g.........
...####........).....
###............
######.......


You could see 2 gnolls.

Vanquished Creatures
  An adder (D:2)
  2 gnolls
  2 dart slugs
  A leopard gecko (D:1)
  3 bats (D:1)
  3 hobgoblins (D:1)
  4 jackals (D:1)
  A ball python (D:1)
  3 goblins
  5 kobolds (D:1)
  4 rats (D:1)
29 creatures vanquished.

Notes
Turn   | Place    | Note
-------+----------+-------------------------------------------
     0 | D:1      | Decritt the Demonspawn Necromancer began the quest for the
                  | Orb.
     0 | D:1      | Reached XP level 1. HP: 13/13 MP: 3/3
   126 | D:1      | Gained mutation: You are immune to rotting. [demonic
                  | ancestry]
   126 | D:1      | Reached XP level 2. HP: 9/20 MP: 3/5
   955 | D:1      | Reached skill level 1 in Fighting
   994 | D:1      | Reached XP level 3. HP: 20/26 MP: 0/6
  1240 | D:1      | Learned a level 1 spell: Animate Skeleton
  1244 | D:1      | Learned a level 3 spell: Vampiric Draining
  1255 | D:2      | Reached skill level 5 in Necromancy
  1493 | D:2      | Slain by a gnoll

Illustrated notes

Levels and vault maps discovered:
D:1:      minmay_arrival_cross, layout_rooms, minmay_liquid_box
D:2:      layout_rooms, lemuel_round_altar, cheibriados_altar_1

Skill      XL: |  1  2  3 |
---------------+----------+-----
Dodging        | 2 |  2.2
Fighting       | 1 |  1.3
Necromancy     | 5 |  5.1
Stealth        | |  1.7
Spellcasting   | |  2.4

Action                   || total
-------------------------++-------
Melee: Unarmed           ||     9
       Short sword       ||    14
 Cast: Pain              ||    47
       Vampiric Draining ||     2
 Stab: Sleeping          ||     1
Armor: Robe              ||    12
Dodge: Dodged            ||    47

Table legend: (Time is in decaauts)
 A = Elapsed time spent in this place.
 B = Non-inter-level travel time spent in this place.
 C = Inter-level travel time spent in this place.
 D = Time resting spent in this place.
 E = Time spent auto-exploring this place.
 F = Levels seen in this place.
 G = Mean time per level.
                   A        B        C        D        E       F      G
               +--------+--------+--------+--------+--------+-----+--------+
         Total |   1493 |   1485 |      8 |      0 |   1273 |   2 |  746.5 |
       Dungeon |   1493 |   1485 |      8 |      0 |   1273 |   2 |  746.5 |
               +--------+--------+--------+--------+--------+-----+--------+

Top non-repeatable levels by time:
     D:1: 1253 daAuts
     D:2: 240 daAuts
